 Dungeon Crawl Stone Soup version 0.19-b1-4-gd8a0a2a (webtiles) character file.

89 Inkary the Chopper (level 4, -3/35 HPs)
             Began as a Demonspawn Gladiator on Oct 31, 2016.
             Slain by a gnoll
             ... wielding a +0 halberd
              (10 damage)
             ... on level 2 of the Dungeon.
             The game lasted 00:01:36 (1041 turns).

Inkary the Chopper (Demonspawn Gladiator)           Turns: 1041, Time: 00:01:37

Health: -3/35      AC:  7    Str: 16    XL:     4   Next: 31%
Magic:  4/4        EV: 10    Int: 10    God:
Gold:   105        SH:  0    Dex: 15    Spells: 0 memorised, 3 levels left

rFire  . . .     SeeInvis .     a - +0 war axe
rCold  . . .     Gourm    .     e - +0 scale mail
rNeg   . . .     Faith    .     (no shield)
rPois  .         Spirit   .     c - +0 helmet
rElec  .         Reflect  .     (no cloak)
rCorr  .         Harm     .     (no gloves)
MR     .....                    (no boots)
Stlth  +.........               (no amulet)
                                (no ring)
                                (no ring)

@: no status effects
A: hooves 1, thin skeletal structure 1, nightstalker 1
a: no special abilities


You were on level 2 of the Dungeon.
You were not hungry.

You visited 1 branch of the dungeon, and saw 2 of its levels.

You collected 105 gold pieces.

Inventory:

Hand Weapons
 a - a +0 war axe (weapon)
Missiles
 d - 3 throwing nets (quivered)
Armour
 c - a +0 helmet (worn)
 e - a +0 scale mail (worn)
Scrolls
 b - a scroll of random uselessness {unknown}
 i - a scroll of fear {unknown}
 j - a scroll of recharging {unknown}
 k - a scroll of identify {unknown}
 q - a scroll of remove curse {unknown}
Potions
 m - a potion of cure mutation {unknown}
 n - 2 potions of curing {unknown}
 o - a potion of berserk rage {unknown}
 p - a potion of lignification {unknown}
Comestibles
 f - a bread ration
 g - 4 meat rations
 h - a royal jelly
 l - 3 chunks of flesh


   Skills:
 + Level 3.3 Fighting
 * Level 4.0 Axes
 - Level 1.7 Throwing
 - Level 2.6 Dodging


You had 3 spell levels left.
You didn't know any spells.

Dungeon Overview and Level Annotations

Branches:
Dungeon (2/15)

Altars:
Qazlal


Innate Abilities, Weirdness & Mutations

You have large cloven feet.
You have a somewhat thin skeletal structure. (Dex +2, Stealth)
You are slightly more attuned to the shadows.


Message History

You hit the rat.
You kill the rat!
The gnoll barely misses you. The gnoll closely misses you.
You hit the gnoll.
The gnoll is severely wounded.
The bat hits you but does no damage. The gnoll closely misses you.
The gnoll hits you but does no damage.
You slash the gnoll!
You kill the gnoll!
Your Axes skill increases to level 4!
The bat hits you but does no damage.
The gnoll hits you from afar with a halberd!
* * * LOW HITPOINT WARNING * * *
You are too injured to fight recklessly!
You are too injured to fight recklessly!
You are too injured to fight recklessly!
The bat hits you.
* * * LOW HITPOINT WARNING * * *
The gnoll hits you with a halberd!
You die...

..# ##.#.##....##
##.#.......# #....
#..)....### .##
##.#.##.# #... #.#
#.. #.# #### #. ..#
..# ...# ##
########.... ...##
#.#####..@g....?
.(..#
#.#.#....b......
....#
#....รท#.........
....##
###.#.######...####
##...## #.#.#
.......
#.....####.#.#
.......
.............#
.....
#..........###
##...##
##.........#
#....)#


You could see a gnoll and a bat.

Vanquished Creatures
  Jessica (D:2)
  2 gnolls (D:2)
  An ooze (D:1)
  A worm (D:2)
  2 dart slugs (D:2)
  A leopard gecko (D:1)
  2 giant cockroaches (D:1)
  3 goblins (D:1)
  5 hobgoblins
  A quokka (D:2)
  4 bats
  4 frilled lizards
  A kobold (D:1)
  9 rats
37 creatures vanquished.

Notes
Turn   | Place    | Note
-------+----------+-------------------------------------------
     0 | D:1      | Inkary the Demonspawn Gladiator began the quest for the Orb.
     0 | D:1      | Reached XP level 1. HP: 16/16 MP: 1/1
   112 | D:1      | Reached skill level 3 in Axes
   113 | D:1      | Gained mutation: You have large cloven feet. [demonic ancestry]
   113 | D:1      | Reached XP level 2. HP: 15/23 MP: 2/2
   660 | D:2      | Gained mutation: You have a somewhat thin skeletal structure. (Dex +2, Stealth) [demonic ancestry]
   660 | D:2      | Reached XP level 3. HP: 12/28 MP: 3/3
   952 | D:2      | Noticed Jessica
   957 | D:2      | Killed Jessica
   964 | D:2      | Gained mutation: You are slightly more attuned to the shadows. [demonic ancestry]
   964 | D:2      | Reached XP level 4. HP: 24/35 MP: 4/4
   982 | D:2      | Found a stormy altar of Qazlal.
  1040 | D:2      | Reached skill level 4 in Axes
  1041 | D:2      | Slain by a gnoll

Skill      XL: |  1  2  3  4 |
---------------+-------------+-----
Axes           | 3 4 |  4.0
Fighting       | 3 |  3.3
Throwing       | |  1.7
Dodging        | |  2.6

Action                   |  1- 3 |  4- 6 || total
-------------------------+-------+-------++-------
Melee: War axe           |    88 |     9 ||    97
       Kick              |    14 |       ||    14
  Eat: Chunk             |       |     1 ||     1
Armor: Leather armour    |    14 |       ||    14
       Scale mail        |    29 |    12 ||    41
Dodge: Dodged            |    67 |     8 ||    75
